 Dungeon Crawl Stone Soup version 0.28-b1-1-g3c77fb2ed1 (webtiles) character file.

Game seed: 9572777916591508636

1779 croobank the Magician (level 9, -4/58 HPs)
             Began as a Formicid Hedge Wizard on Jan 30, 2022.
             Was a Priest of Nemelex Xobeh.
             Slain by a yak (5 damage)
             ... on level 6 of the Dungeon.
             The game lasted 00:38:59 (7959 turns).

croobank the Magician (Formicid Hedge Wizard)       Turns: 7959, Time: 00:39:05

Health: -4/58      AC:  6    Str: 16    XL:     9   Next: 29%
Magic:  15/17      EV: 11    Int: 17    God:    Nemelex Xobeh [***...]
Gold:   275        SH:  0    Dex: 10    Spells: 12/19 levels left

rFire   . . .      SeeInvis +   a - +2 whip (elec)
rCold   . . .      Faith    .   (no shield)
rNeg    . . .      Spirit   .   o - +0 ring mail
rPois   .          Reflect  .   (helmet unavailable)
rElec   .          Harm     .   (no cloak)
rCorr   .          Rampage  .   (no gloves)
Will    .....                   p - +0 pair of boots
Stlth   ++........              q - amulet of the acrobat
HPRegen 0.19/turn               (no ring)
MPRegen 0.15/turn               (no ring)

@: no status effects
A: permanent stasis, dig shafts and tunnels, antennae 3, four strong arms
a: Dig, Shaft Self, Renounce Religion, Draw Escape, Draw Destruction, Draw
Summoning, Triple Draw


You were on level 6 of the Dungeon.
You worshipped Nemelex Xobeh.
Nemelex Xobeh was most pleased with you.
You visited 1 branch of the dungeon, and saw 6 of its levels.

You collected 275 gold pieces.

Inventory:

Hand Weapons
 a - a +2 whip of electrocution (weapon)
 b - the +10 hunting sling of Kismet {speed, rN++}
   (You found it on level 3 of the Dungeon)

   Attacks with this weapon are significantly faster.
   rN:        It greatly protects you from negative energy.
 w - a +0 dagger
 I - a +0 dagger of venom
Missiles
 d - 146 stones
 e - 3 poisoned darts
 f - 88 arrows
 g - 44 bolts
 y - 2 sling bullets
 D - a throwing net
Armour
 o - a +0 ring mail (worn)
 p - a +0 pair of boots (worn)
 s - a +0 robe
 A - a +0 leather armour
Jewellery
 q - an amulet of the acrobat (around neck)
 C - an amulet of magic regeneration
Wands
 t - a wand of digging (6)
 H - a wand of mindburst (12)
Scrolls
 h - 3 scrolls of teleportation
 l - a scroll of vulnerability
 m - 5 scrolls of immolation
 n - 2 scrolls of magic mapping {unknown}
 r - a scroll of fog {unknown}
 u - a scroll of fear {unknown}
 v - a scroll of blinking {unknown}
 G - 2 scrolls of enchant weapon {unknown}
Potions
 c - a potion of brilliance {unknown}
 i - 3 potions of curing
 j - a potion of mutation
 k - 3 potions of haste
 x - 2 potions of might {unknown}
 z - a potion of invisibility {unknown}
 B - 2 potions of flight {unknown}
 E - 2 potions of berserk rage {unknown}
 F - a potion of attraction {unknown}
 J - a potion of resistance {unknown}


   Skills:
 - Level 0.3 Fighting
 + Level 4.0 Maces & Flails
 + Level 4.3 Slings
 + Level 1.3 Armour
 - Level 2.0 Dodging
 + Level 5.0 Stealth
 + Level 5.6 Spellcasting
 + Level 2.9 Conjurations
 + Level 1.6 Hexes
 + Level 1.0 Summonings
 + Level 0.8 Translocations
 * Level 3.7 Air Magic
 * Level 5.5 Poison Magic


You had 12 spell levels left.
You knew the following spells:

 Your Spells              Type           Power      Damage    Failure   Level
a - Magic Dart            Conj           56%        1d5       8%          1
b - Slow                  Hex            40%        N/A       13%         1
c - Mephitic Cloud        Conj/Pois/Air  18%        N/A       14%         3
d - Static Discharge      Conj/Air       16%        N/A       10%         2

Your spell library contained the following spells:

 Spells                   Type           Power      Damage    Failure   Level
 Summon Small Mammal      Summ           32%        N/A       17%         1
 Apportation              Tloc           14%        N/A       19%         1
 Animate Skeleton         Necr           8%         N/A       26%         1
 Call Imp                 Summ           8%         N/A       26%         2
 Conjure Flame            Conj/Fire      9%         6-21      38%         3
 Lightning Bolt           Conj/Air       8%         1d20      87%         5
 Maxwell's Capacitive Co  Air            8%         ∞         100%        8
 Blink                    Tloc           Unusable   N/A       N/A         2

Dungeon Overview and Level Annotations

Branches:
Dungeon (6/15)
 Temple: D:4-7

Altars:
Hepliaklqana
Nemelex Xobeh
Vehumet
The Shining One

Shops:
D:1 ?

Annotations:
D:6 Blork the orc


Innate Abilities, Weirdness & Mutations

You cannot be hasted, slowed, berserked, paralysed or teleported.
You can dig through walls and to a lower floor.
You have a pair of large antennae on your head. (SInv)
Your four strong arms can wield two-handed weapons with a shield.


Message History

Confirm with . or Enter, or press ? or * to list all spells.
Aiming: Mephitic Cloud (dangerous; 16% risk of failure)
Press: ? - help, Shift-Dir - straight line, f - yak
Aim: a yak (lightly wounded, chance to affect: 67%)
Okay, then.
Blork the orc comes into view.
He is wielding a +0 hand axe.
Casting: Mephitic Cloud (dangerous; 16% risk of failure)
Confirm with . or Enter, or press ? or * to list all spells.
Aiming: Mephitic Cloud (dangerous; 16% risk of failure)
Press: ? - help, Shift-Dir - straight line
Okay, then.
You hit the yak.
The yak is lightly wounded.
The yak barely misses you.
You hit the yak.
The yak is moderately wounded.
You hit the yak but do no damage.
The yak is almost dead.
You hit the yak.
The yak is almost dead.
The yak gores you!
* * * LOW HITPOINT WARNING * * *
The yak gores you but does no damage.
You hit the yak.
You kill the yak!
Your Maces & Flails skill increases to level 4!
You hit the yak.
The yak is moderately wounded.
The yak gores you!
* * * LOW HITPOINT WARNING * * *
You draw a card...
You have drawn Pain.
Press: ? - help, Shift-Dir - straight line, f - yak
Aim: a yak (moderately wounded)
The bolt of negative energy hits the yak!!
The yak is drained!
The yak is almost dead.
The yak gores you.
You die...
Your body glows with a rainbow of weird colours and disappears.

..#
..............###.##.#
#
#.####.##.###......##.#
#. #. #.# ###.#..##.#
#. #. #.#####.#.....#
#. #.##....#.....## #.
#.##.#######.... #.
#.##....#..>..##
#.##.......#.....#
#.@Y....#..#..##.#
####....#.....##.#
#.............#
#######..###.#.######
#........# #.#.#
.#####.## #.#.#
##...###{#.# #
.#.###.....##....
................#


You could see a yak (drained).

Vanquished Creatures
  4 yaks (D:6)
  A sky beast (D:6)
  2 necrophages
  2 ogres
  A centaur (D:4)
  3 scorpions
  2 howler monkeys (D:6)
  2 hounds
  2 bullfrog skeletons (D:5)
  An iron imp (D:5)
  An iguana (D:5)
  A killer bee zombie (D:6)
  A hound skeleton (D:4)
  4 gnolls (D:3)
  An adder (D:5)
  2 white imps
  An ufetubus (D:4)
  An adder skeleton (D:4)
  A worm (D:2)
  A dart slug (D:5)
  4 orcs
  5 endoplasms
  A giant cockroach (D:3)
  6 goblins
  10 hobgoblins
  5 jackals
  6 quokkas
  8 ball pythons
  9 bats
  3 frilled lizards
  A goblin zombie (D:5)
  3 hobgoblin zombies (D:5)
  9 kobolds
  3 kobold zombies (D:5)
  An orc skeleton (D:5)
  3 orc zombies (D:5)
  9 rats
120 creatures vanquished.

Notes
Turn   | Place    | Note
-------+----------+-------------------------------------------
     0 | D:1      | croobank the Formicid Hedge Wizard began the quest for the
                  | Orb.
     0 | D:1      | Reached XP level 1. HP: 13/13 MP: 4/4
   141 | D:1      | Found Poirixt's Magic Scroll Boutique.
   342 | D:1      | Reached XP level 2. HP: 19/19 MP: 3/6
   349 | D:1      | Found a faded altar of an unknown god.
   539 | D:1      | Learned a level 1 spell: Slow
  1062 | D:1      | Reached skill level 1 in Conjurations
  1254 | D:1      | Reached XP level 3. HP: 24/24 MP: 5/8
  1271 | D:1      | Prayed at the altar of an unknown god.
  1271 | D:1      | Became a worshipper of Nemelex Xobeh the Trickster
  1271 | D:1      | Reached * piety under Nemelex Xobeh
  1801 | D:2      | Received a gift from Nemelex Xobeh
  2422 | D:2      | Learned a level 3 spell: Mephitic Cloud
  2756 | D:2      | Reached XP level 4. HP: 31/31 MP: 5/10
  3262 | D:3      | Identified the +10 hunting sling of Kismet {speed, rN++}
  3269 | D:3      | Reached ** piety under Nemelex Xobeh
  3306 | D:3      | Noticed a scorpion
  3327 | D:3      | Killed a scorpion
  3328 | D:3      | Reached skill level 1 in Poison Magic
  3328 | D:3      | Reached XP level 5. HP: 11/36 MP: 4/11
  3752 | D:3      | Reached skill level 1 in Air Magic
  4151 | D:4      | Noticed an ogre
  4206 | D:4      | Killed an ogre
  4207 | D:4      | Reached skill level 1 in Slings
  4207 | D:4      | Reached XP level 6. HP: 39/42 MP: 7/13
  4689 | D:4      | Noticed a necrophage
  4725 | D:4      | Killed a necrophage
  4726 | D:4      | Reached skill level 5 in Spellcasting
  4726 | D:4      | Reached XP level 7. HP: 28/47 MP: 14/14
  5005 | D:4      | Reached skill level 1 in Maces & Flails
  5383 | D:4      | Found a radiant altar of Vehumet.
  5383 | D:4      | Found a hazy altar of Hepliaklqana.
  5433 | D:5      | Entered Level 5 of the Dungeon
  5642 | D:5      | Learned a level 2 spell: Static Discharge
  5677 | D:5      | Received a gift from Nemelex Xobeh
  6208 | D:5      | Found a glowing golden altar of the Shining One.
  6403 | D:5      | Reached *** piety under Nemelex Xobeh
  6700 | D:5      | Reached XP level 8. HP: 12/53 MP: 13/15
  6706 | D:5      | HP: 2/53 [scorpion (2)]
  7060 | D:5      | Reached skill level 1 in Hexes
  7871 | D:6      | Noticed a yak
  7871 | D:6      | Noticed a yak
  7890 | D:6      | Killed a yak
  7906 | D:6      | Noticed a yak
  7906 | D:6      | Noticed a yak
  7918 | D:6      | Noticed a yak
  7920 | D:6      | Killed a yak
  7921 | D:6      | Reached skill level 5 in Poison Magic
  7921 | D:6      | Reached XP level 9. HP: 58/58 MP: 17/17
  7939 | D:6      | Reached skill level 1 in Armour
  7939 | D:6      | Reached skill level 5 in Stealth
  7949 | D:6      | Noticed Blork the orc
  7958 | D:6      | HP: 1/58 [yak (10)]
  7959 | D:6      | Slain by a yak

Illustrated notes

Levels and vault maps discovered:
D:1:      ncdulo_lavacross, layout_loops_ring, chequers_ecumenical_altar_island,
          serial_shops, shop, minivault_26
D:2:      layout_rooms, minmay_misc_feat_x, minmay_tall_x
D:3:      layout_rooms, nicolae_figureground_sparkle
D:4:      layout_loops_ring, gammafunk_temple_overflow_elements, minivault_25
D:5:      layout_loops_corners, nicolae_tso_besieged_by_evil
D:6:      layout_loops_ring, nicolae_ashenzari_panopticon, uniq_blork_the_orc

Skill      XL: |  1  2  3  4  5  6  7  8  9 |
---------------+----------------------------+-----
Spellcasting   | 4 5 |  5.6
Conjurations   | 1 2 |  2.9
Dodging        | 2 |  2.0
Poison Magic   | 1 2 3 5 |  5.5
Air Magic      | 1 2 3 |  3.7
Stealth        | 3 4 5 |  5.0
Slings         | 1 2 3 4 |  4.3
Maces & Flails | 2 3 4 |  4.0
Hexes          | 1 |  1.6
Armour         | 1 |  1.3
Fighting       | |  0.3
Summonings     | |  1.0
Translocations | |  0.8

Action                   |  1- 3 |  4- 6 |  7- 9 || total
-------------------------+-------+-------+-------++-------
Melee: Dagger            |    92 |    34 |       ||   126
       Punch             |       |     1 |     6 ||     7
       Whip              |       |    51 |   158 ||   209
 Fire: Hunting sling     |       |    37 |    38 ||    75
 Cast: Magic Dart        |    86 |    32 |    13 ||   131
       Slow              |     2 |     5 |     3 ||    10
       Mephitic Cloud    |       |     1 |     1 ||     2
       Static Discharge  |       |       |     3 ||     3
Invok: Draw Destruction  |     2 |       |     5 ||     7
       Draw Escape       |     1 |       |     1 ||     2
  Use: Scroll            |     2 |     2 |     2 ||     6
       Potion            |       |     1 |     2 ||     3
 Stab: Sleeping          |     1 |     3 |     5 ||     9
Armor: Robe              |    17 |    22 |    30 ||    69
       Ring mail         |       |       |    10 ||    10
       Skin              |       |       |     1 ||     1
Dodge: Dodged            |    62 |    71 |   119 ||   252
